 Dungeon Crawl Stone Soup version 0.27-a0-604-g29a88b33a7 (webtiles) character file.

Game seed: 11548973251039055953

149 scammafunk the Stinger (level 5, -11/41 HPs)
             Began as a Demonspawn Wanderer on Mar 12, 2021.
             Was an Initiate of Sif Muna.
             Mangled by an ogre
             ... wielding a +0 giant spiked club
              (25 damage)
             ... on level 4 of the Dungeon.
             The game lasted 00:38:22 (4428 turns).

scammafunk the Stinger (Demonspawn Wanderer)        Turns: 4428, Time: 00:38:25

Health: -11/41     AC:  6    Str:  8    XL:     5   Next: 9%
Magic:  6/9        EV: 10    Int: 18    God:    Sif Muna [......]
Gold:   159        SH:  0    Dex: 15    Spells: 4/10 levels left

rFire    . . .     SeeInvis .   a - +0 dagger
rCold    . . .     Faith    .   (no shield)
rNeg     . . .     Spirit   .   n - +3 leather armour
rPois    .         Reflect  .   (no helmet)
rElec    .         Harm     .   (no cloak)
rCorr    .         Rampage  .   (no gloves)
Will     .....                  (no boots)
Stlth    +.........             (no amulet)
HPRegen  0.13/turn              (no ring)
MPRegen  0.11/turn              (no ring)

@: no status effects
A: demonic guardian 1, big brain 1
a: Renounce Religion


You were on level 4 of the Dungeon.
You worshipped Sif Muna.
Sif Muna was noncommittal.
You visited 1 branch of the dungeon, and saw 4 of its levels.

You collected 159 gold pieces.

Inventory:

Hand Weapons
 a - a +0 dagger (weapon)
Missiles
 o - 17 poisoned darts
Armour
 d - a +0 robe
 e - a +0 ring mail
 j - a +0 leather armour
 n - a +3 leather armour (worn)
Jewellery
 l - a ring of flight
Wands
 p - a wand of polymorph (7)
Scrolls
 b - 6 scrolls of teleportation {unknown}
 f - 2 scrolls of enchant weapon {unknown}
 g - 3 scrolls of identify {unknown}
 h - a scroll of fear {unknown}
 i - 3 scrolls of random uselessness {unknown}
Potions
 c - a potion of curing
 k - 2 potions of heal wounds {unknown}
 m - a potion of might {unknown}


   Skills:
 + Level 3.3 Fighting
 - Level 1.0 Axes
 - Level 1.0 Shields
 + Level 3.2 Spellcasting
 + Level 4.1 Poison Magic
 + Level 0.8 Invocations
 - Level 1.0 Evocations


You had 4 spell levels left.
You knew the following spells:

 Your Spells              Type           Power      Damage    Failure   Level
a - Sting                 Tmut/Pois      40%        1d5       10%         1
b - Poisonous Vapours     Pois/Air       20%        N/A       16%         2
c - Ignite Poison         Fire/Tmut/Pois 7%         N/A       36%         3

Your spell library contained the following spells:

 Spells                   Type           Power      Damage    Failure   Level
 Summon Small Mammal      Summ           8%         N/A       24%         1
 Mephitic Cloud           Conj/Pois/Air  7%         N/A       36%         3
 Olgreb's Toxic Radiance  Pois           17%        N/A       38%         4
 Call Canine Familiar     Summ           2%         N/A       56%         3


Dungeon Overview and Level Annotations

Branches:
Dungeon (4/15)
 Temple: D:4-7

Altars:
Okawaru
Sif Muna
Trog


Innate Abilities, Weirdness & Mutations

A weak demonic guardian rushes to your aid.
You have an unusually large brain. (Int +2)


Message History

A stone staircase leading up.
The ogre closely misses you.
Your iron imp hits the ogre!
Your iron imp hits the ogre.
Casting: Sting (safe; 10% risk of failure)
Confirm with . or Enter, or press ? or * to list all spells.
Aiming: Poisonous Vapours (safe; 16% risk of failure)
Press: ? - help, Dir - move target, f - ogre
Aim: an ogre, wielding a +0 giant spiked club (moderately wounded, ally target) Poisonous vapours surround the ogre!
The ogre is poisoned.
The ogre hits you with a +0 giant spiked club!!
Ouch! That really hurt!
* * * LOW HITPOINT WARNING * * *
Your iron imp hits the ogre.
Found a pair of boots.
The orc wizard casts a spell at itself.
The orc wizard flickers and vanishes!
Deactivating autopickup; reactivate with Ctrl-A.
The ogre barely misses you.
Your iron imp resists with significant effort.
Your iron imp hits the ogre.
Your iron imp hits the ogre.
The ogre looks more healthy.
Your iron imp disappears in a puff of smoke!
Things that are here:
a +0 leather armour; a +0 dagger
Press: ? - help, v - describe, . - travel, g - get item
Items here: a +0 leather armour; a +0 dagger.
The floor.
You are too injured to fight recklessly!
Casting: Poisonous Vapours (safe; 16% risk of failure)
Confirm with . or Enter, or press ? or * to list all spells.
Aiming: Poisonous Vapours (safe; 16% risk of failure)
Press: ? - help, Dir - move target, f/p - ogre
Aim: an ogre, wielding a +0 giant spiked club (almost dead) Poisonous vapours surround the ogre!
The ogre is engulfed in poison gas.
The ogre is poisoned.
The ogre hits you with a +0 giant spiked club!!
Ouch! That really hurt!
You die...

# ### #. ##(### ...
#....# ....
#####...#
.....###......###
..........{....<#
#.........#..O@.###
#...#.....##......#
... #....###......#
#..... #.....##
...#..........#
.....##...#......#
..... ....#........
.....
.............. ...
.[..........)#..


You could see an ogre (poisoned).

Vanquished Creatures
  A worker ant (D:4)
  5 adders
  2 oozes
  A worm (D:2)
  5 dart slugs
  A leopard gecko (D:1)
  2 orcs
  3 giant cockroaches
  3 goblins
  7 hobgoblins
  6 jackals
  12 bats
  A frilled lizard (D:3)
  6 kobolds
  6 rats
61 creatures vanquished.

Vanquished Creatures (others)
  A plant (D:2)
1 creature vanquished.

Grand Total: 62 creatures vanquished

Notes
Turn   | Place    | Note
-------+----------+-------------------------------------------
     0 | D:1      | scammafunk the Demonspawn Wanderer began the quest for the
                  | Orb.
     0 | D:1      | scammafunk set off with the following items: a +0 dagger, a
                  | potion of curing, a +0 robe; and the following spells
                  | available to memorise: Sting, Poisonous Vapours, Summon
                  | Small Mammal, Ignite Poison, Mephitic Cloud, Call Canine
                  | Familiar, Olgreb's Toxic Radiance
     0 | D:1      | Reached XP level 1. HP: 16/16 MP: 3/3
     8 | D:1      | Learned a level 1 spell: Sting
   277 | D:1      | Gained mutation: You have an unusually large brain. (Int
                  | +2) [demonic ancestry]
   277 | D:1      | Reached XP level 2. HP: 22/22 MP: 1/5
  1632 | D:2      | Reached XP level 3. HP: 21/28 MP: 4/6
  2126 | D:2      | Learned a level 2 spell: Poisonous Vapours
  2130 | D:2      | Learned a level 3 spell: Ignite Poison
  2235 | D:2      | Reached XP level 4. HP: 23/34 MP: 2/8
  3001 | D:2      | Found an iron altar of Okawaru.
  3005 | D:2      | Found a bloodstained altar of Trog.
  3008 | D:2      | Found a shimmering blue altar of Sif Muna.
  3012 | D:2      | Became a worshipper of Sif Muna the Loreminder
  3400 | D:3      | Reached skill level 4 in Poison Magic
  4170 | D:3      | Found a faded altar of an unknown god.
  4255 | D:4      | Noticed a phantom
  4278 | D:4      | Gained mutation: A weak demonic guardian rushes to your
                  | aid. [demonic ancestry]
  4278 | D:4      | Reached XP level 5. HP: 41/41 MP: 5/9
  4313 | D:4      | Noticed an ogre
  4428 | D:4      | Mangled by an ogre

Illustrated notes

Levels and vault maps discovered:
D:1:      mrwooster_arrival_statue_3, layout_basic
D:2:      layout_loops_corners, grunt_temple_overflow_diamond, serial_forest,
          infiniplex_forest_clump_cross, infiniplex_forest_end_2,
          infiniplex_forest_lined_3, infiniplex_forest_end_1,
          infiniplex_forest_corner_1, infiniplex_forest_lined_4_way
D:3:      layout_loops_ring, chequers_ecumenical_altar_lobes
D:4:      layout_cave_pools, uniq_purgy

Skill      XL: |  1  2  3  4 |
---------------+-------------+-----
Fighting       | 3 |  3.3
Poison Magic   | 4 |  4.1
Spellcasting   | 3 |  3.2
Axes           | |  1.0
Shields        | |  1.0
Invocations    | |  0.8
Evocations     | |  1.0

Action                   |  1- 3 |  4- 6 || total
-------------------------+-------+-------++-------
Melee: Dagger            |    89 |    33 ||   122
 Cast: Sting             |    49 |    42 ||    91
       Poisonous Vapours |     1 |    14 ||    15
  Use: Potion            |     1 |       ||     1
Armor: Robe              |     9 |     3 ||    12
       Leather armour    |     6 |     8 ||    14
Dodge: Dodged            |    53 |    31 ||    84

Table legend: (Time is in decaauts)
 A = Elapsed time spent in this place.
 B = Non-inter-level travel time spent in this place.
 C = Inter-level travel time spent in this place.
 D = Time resting spent in this place.
 E = Time spent auto-exploring this place.
 F = Levels seen in this place.
 G = Mean time per level.
                   A        B        C        D        E       F      G
               +--------+--------+--------+--------+--------+-----+--------+
         Total |   4431 |   4205 |    226 |    976 |   2263 |   4 | 1107.8 |
       Dungeon |   4431 |   4205 |    226 |    976 |   2263 |   4 | 1107.8 |
               +--------+--------+--------+--------+--------+-----+--------+

Top non-repeatable levels by time:
     D:2: 2037 daAuts
     D:1: 1302 daAuts
     D:3: 1020 daAuts
     D:4: 70 daAuts
